[Event "ICC Open 2015"]
[Site "Internet Chess Club"]
[Date "2015.05.29"]
[Round "11"]
[White "bythebook"]
[Black "capaldi"]
[Result "0-1"]
[ICCResult "White forfeits on time"]
[WhiteElo "1715"]
[BlackElo "1884"]
[Opening "Sicilian: Nimzovich-Rossolimo attack (with ...g6, without ...d6)"]
[ECO "B31"]
[NIC "SI.31"]
[Time "16:03:57"]
[TimeControl "180+0"]

1. e4 c5 2. Nf3 Nc6 3. Bb5 g6 4. c3 Bg7 5. O-O d6 6. h3 Nf6 7. Qe2 O-O 8. d4
cxd4 9. cxd4 Qb6 10. d5 Nd4 11. Nxd4 Qxd4 12. Nc3 a6 13. Be3 Qb4 14. a3 Qa5
15. Bd3 Nd7 16. Rfc1 b5 17. b4 Qd8 18. Rab1 Ne5 19. f4 Nxd3 20. Qxd3 e5 21.
Ne2 f5 22. fxe5 Bxe5 23. Nd4 Qh4 24. Nf3 fxe4 25. Nxh4 exd3 26. Rd1 Bf4 27.
Bb6 d2 28. Nf3 Bf5 29. Rb3 Bc2 30. Rbb1 Bxb1 31. Rxb1 Rac8
{White forfeits on time}
0-1

[Event "ICC Open 2015"]
[Site "Internet Chess Club"]
[Date "2015.05.29"]
[Round "11"]
[White "slothchess"]
[Black "A4-H5"]
[Result "1-0"]
[ICCResult "Black forfeits on time"]
[WhiteElo "1650"]
[BlackElo "1793"]
[Opening "Sicilian: dragon, Yugoslav attack, 10.O-O-O"]
[ECO "B78"]
[NIC "SI.18"]
[Time "16:03:34"]
[TimeControl "180+0"]

1. e4 c5 2. Nf3 d6 3. d4 cxd4 4. Nxd4 Nf6 5. Nc3 g6 6. Be3 Bg7 7. Bc4 O-O 8.
f3 Nc6 9. Qd2 Bd7 10. O-O-O Rc8 11. Bb3 Ne5 12. h4 Nc4 13. Bxc4 Rxc4 14. h5
b5 15. Kb1 b4 16. Nce2 a5 17. hxg6 fxg6 18. Bh6 Rf7 19. Bxg7 Rxg7 20. e5 Ne8
21. exd6 Nxd6 22. Nb3 Bf5 23. Ned4 Qc7 24. Nxf5 Nxf5 25. Qd8+ Qxd8 26. Rxd8+
Kf7 27. Nxa5 Rc5 28. Nb3 Re5 29. Rd2 Ng3 30. Rc1 Kf6 31. Nd4 e6 32. f4 Re4
33. Rd3 Nf5 34. Nxf5 Kxf5 35. g3 h5 36. c4 bxc3 37. Rcxc3 h4 38. gxh4 Kxf4
39. Rf3+ Ke5 40. Rce3 Rxe3 41. Rxe3+ Kf5 42. a4 e5 43. a5 e4 44. a6 Kf4 45.
Ra3 Ra7 46. b4 {Black forfeits on time} 1-0

[Event "ICC Open 2015"]
[Site "Internet Chess Club"]
[Date "2015.05.29"]
[Round "11"]
[White "beaupre"]
[Black "editm"]
[Result "1-0"]
[ICCResult "Black forfeits on time"]
[WhiteElo "1823"]
[BlackElo "1938"]
[Opening "Caro-Kann defense"]
[ECO "B10"]
[NIC "CK.01"]
[Time "16:03:58"]
[TimeControl "180+0"]

1. e4 c6 2. Nf3 d5 3. exd5 cxd5 4. d4 Nc6 5. Nc3 Nf6 6. Bb5 e6 7. Bg5 Be7 8.
O-O O-O 9. Re1 Qc7 10. Ne5 a6 11. Bd3 h6 12. Be3 Nb4 13. Bf1 Ne4 14. Qg4 Nf6
15. Qd1 b5 16. a3 Nc6 17. g3 b4 18. axb4 Bxb4 19. Ne2 Bxe1 20. Qxe1 Nxe5 21.
dxe5 Qxe5 22. Bf4 Qe4 23. Bg2 Qc4 24. c3 Bd7 25. Be5 Ne4 26. Bd4 Bb5 27. Nf4
Nf6 28. Bxf6 gxf6 29. Nh5 Kh8 30. Qe3 Kh7 31. Nxf6+ Kg6 32. Ng4 f5 33. Ne5+
Kf6 34. Nxc4 Bxc4 35. Re1 Rae8 36. Qe5+ Kf7 37. Qc7+ Kf6 38. Qf4 Rf7 39. h4
Ke7 40. Qe5 Kd7 41. Qd4 Bb5 42. Qa7+ Kd6 43. Qd4 {Black forfeits on time}
1-0

[Event "ICC Open 2015"]
[Site "Internet Chess Club"]
[Date "2015.05.29"]
[Round "11"]
[White "Rotchopf"]
[Black "mazmar6"]
[Result "1-0"]
[ICCResult "Black forfeits on time"]
[WhiteElo "1896"]
[BlackElo "2049"]
[Opening "Sicilian"]
[ECO "B50"]
[NIC "SI.01"]
[Time "16:04:14"]
[TimeControl "180+0"]

1. e4 c5 2. Nf3 d6 3. c3 Nf6 4. Bd3 b6 5. Bc2 Bb7 6. d3 e6 7. O-O Be7 8. Re1
Qc7 9. Nbd2 O-O 10. Nf1 Nc6 11. Ng3 Rfe8 12. h3 Rad8 13. Bg5 h6 14. Be3 Bf8
15. Qd2 Ne5 16. Nh4 b5 17. f4 Ng6 18. Nxg6 fxg6 19. Re2 d5 20. e5 Nh7 21. d4
b4 22. Bxg6 Re7 23. Rf1 bxc3 24. bxc3 cxd4 25. cxd4 Ba6 26. f5 Bxe2 27. Qxe2
exf5 28. Nxf5 Re6 29. Nh4 Qb6 30. Bxh7+ Kxh7 31. Qd3+ Kg8 32. Qf5 Rde8 33.
Qf7+ Kh7 34. Qf5+ Kg8 35. Qf7+ Kh7 36. Qf5+ Kg8 37. Ng6 Rxg6 38. Qf7+ Kh7
39. Qxe8 Qb2 40. Rf2 Qb1+ 41. Kh2 Bb4 42. Bd2 Bxd2 43. Rf8 Rxg2+ 44. Kxg2
Qe4+ 45. Kg3 Qe3+ 46. Rf3 {Black forfeits on time} 1-0

[Event "ICC Open 2015"]
[Site "Internet Chess Club"]
[Date "2015.05.29"]
[Round "11"]
[White "Lucas"]
[Black "MoonlightWizard"]
[Result "0-1"]
[ICCResult "White forfeits on time"]
[WhiteElo "2571"]
[BlackElo "2982"]
[Opening "Mieses opening"]
[ECO "A00"]
[NIC "VO.13"]
[Time "16:03:57"]
[TimeControl "180+0"]

1. d3 d5 2. g3 e5 3. Bg2 Nf6 4. Nf3 Bd6 5. O-O O-O 6. Nbd2 c6 7. c4 Be6 8.
b3 Nbd7 9. Bb2 Qc7 10. Re1 Rfe8 11. Rc1 Qa5 12. a3 Rad8 13. b4 Qa6 14. c5
Bb8 15. a4 Bg4 16. Qb3 e4 17. Nd4 e3 18. fxe3 Rxe3 19. b5 Qa5 20. Nf1 Ree8
21. bxc6 Nxc5 22. Qb5 Qxb5 23. Nxb5 bxc6 24. Rxc5 cxb5 25. Rxb5 a6 26. Rb6
Ba7 27. a5 Rxe2 28. Bxf6 gxf6 29. Rb1 Re6 30. d4 Bxb6 31. axb6 Rb8 32. b7
Rd6 33. Ne3 Be6 34. Bf1 a5 35. Rb5 a4 36. Ra5 Rxb7 37. Rxa4 Rb8 38. h3 f5
39. Bg2 Kg7 40. Ra5 Rb4 41. Nxd5 Bxd5 42. Bxd5 Rxd4 43. Bf3 Kg6 44. g4 fxg4
45. hxg4 f6 46. Kg2 Rd3 47. Kf2 Rb3 48. Be4+ Kh6 49. Rh5+ Kg7 50. Rxh7+ Kg8
51. Re7 Kf8 52. Ra7 Rd2+ 53. Ke1 Rh2 54. Ra8+ Ke7 55. Ra7+ Kd6 56. Ra6+ Ke5
57. Bf5 Rg3 58. Ra5+ Kf4 59. Ra4+ Kg5 60. Kf1 Rc3 61. Ra1 Kh4 62. Be4 Kg3
63. Rb1 Rf2+ 64. Kg1 Re2 65. Bh1 Rce3 66. Rf1 Re1 67. Bg2 Rxf1+ 68. Kxf1
Kxg4 69. Bf3+ Kg3 70. Kg1 f5 71. Kf1 f4 72. Bg2 Re5 73. Bf3 Rg5
{White forfeits on time}
0-1

[Event "ICC Open 2015"]
[Site "Internet Chess Club"]
[Date "2015.05.29"]
[Round "11"]
[White "budde"]
[Black "BoardLord"]
[Result "0-1"]
[ICCResult "White resigns"]
[WhiteElo "1936"]
[BlackElo "2216"]
[Opening "Sicilian: Canal-Sokolsky (Nimzovich-Rossolimo, Moscow) attack"]
[ECO "B51"]
[NIC "SI.01"]
[Time "16:05:37"]
[TimeControl "180+0"]

1. e4 c5 2. Nf3 d6 3. Bb5+ Nd7 4. c3 a6 5. Bxd7+ Bxd7 6. O-O Bb5 7. Re1 Nf6
8. a4 Bd3 9. e5 dxe5 10. Nxe5 c4 11. Qf3 Rb8 12. g4 h6 13. h4 Qd5 14. Qf4
Rd8 15. Na3 g5 16. Qe3 e6 17. h5 Bc5 18. Qg3 Ne4 19. Rxe4 Qxe4 {White
resigns} 0-1

[Event "ICC Open 2015"]
[Site "Internet Chess Club"]
[Date "2015.05.29"]
[Round "11"]
[White "JEMEM"]
[Black "Supermister"]
[Result "1-0"]
[ICCResult "Black forfeits on time"]
[WhiteElo "2025"]
[BlackElo "2062"]
[Opening "QGD: semi-Slav, Noteboom variation"]
[ECO "D31"]
[NIC "SL.06"]
[Time "16:03:53"]
[TimeControl "180+0"]

1. d4 d5 2. c4 e6 3. Nc3 c6 4. Nf3 dxc4 5. a4 Bb4 6. e4 b5 7. axb5 cxb5 8.
Bd2 Bxc3 9. Bxc3 Bb7 10. e5 a6 11. b3 cxb3 12. Qxb3 Ne7 13. Be2 O-O 14. O-O
Nd5 15. Ba5 Qd7 16. Rac1 Nc6 17. Bd2 Rfc8 18. Bd3 b4 19. Bb1 a5 20. Qd3 g6
21. h4 Nce7 22. h5 Rxc1 23. Rxc1 Rc8 24. Ng5 Rxc1+ 25. Bxc1 Nc3 26. Bc2 Qc6
27. f3 a4 28. Qe3 Ncd5 29. Qe4 b3 30. hxg6 Nxg6 31. Bd3 {Black forfeits on
time} 1-0

[Event "ICC Open 2015"]
[Site "Internet Chess Club"]
[Date "2015.05.29"]
[Round "11"]
[White "CapilanoBridge"]
[Black "Jack-Daniels"]
[Result "1-0"]
[ICCResult "Black resigns"]
[WhiteElo "3166"]
[BlackElo "2906"]
[Opening "Nimzovich-Larsen attack: English variation"]
[ECO "A01"]
[NIC "VO.08"]
[Time "16:04:27"]
[TimeControl "180+0"]

1. b3 c5 2. Bb2 d6 3. e3 Nc6 4. d4 cxd4 5. exd4 d5 6. Nf3 Nf6 7. c4 g6 8. c5
Bg7 9. Be2 O-O 10. O-O Ne4 11. Qc1 Bg4 12. Rd1 Rc8 13. h3 Bxf3 14. Bxf3 b6
15. a3 Na5 16. Bxe4 dxe4 17. Nd2 Qd5 18. b4 Nc6 19. Qc4 e6 20. Rac1 Bh6 21.
Rc2 Rfd8 22. Qxd5 exd5 23. Nb3 b5 24. Bc3 f5 25. Ra1 a6 26. a4 Bg7 27. axb5
axb5 28. Ra6 f4 29. Rb6 g5 30. Rxb5 Rb8 31. Rb6 Rxb6 32. cxb6 Rb8 33. b5 Ne7
34. Bb4 Nc8 35. Rxc8+ Rxc8 36. Bd6 Bf8 37. b7 Rc1+ 38. Nxc1 Bxd6 39. Nb3 Kf7
40. Nc5 Ke7 41. Na6 Kd7 42. f3 e3 43. Kf1 Bb8 44. Nxb8+ Kc7 45. Nc6 Kxb7 46.
Ne7 Kb6 47. Nxd5+ Kxb5 48. Ke2 Kc4 49. Nxe3+ fxe3 50. Kxe3 {Black resigns}
1-0

[Event "ICC Open 2015"]
[Site "Internet Chess Club"]
[Date "2015.05.29"]
[Round "11"]
[White "airantrobo"]
[Black "Jospa"]
[Result "1-0"]
[ICCResult "Black forfeits on time"]
[WhiteElo "1523"]
[BlackElo "1200"]
[Opening "QGD: Ragozin variation"]
[ECO "D38"]
[NIC "NI.27"]
[Time "16:04:01"]
[TimeControl "180+0"]

1. d4 d5 2. c4 Nf6 3. Nf3 e6 4. Nc3 Bb4 5. cxd5 Nxd5 6. Bd2 Nc6 7. e3 Qf6 8.
Be2 Bd7 9. O-O e5 10. e4 Nf4 11. Bxf4 Qxf4 12. d5 Bxc3 13. bxc3 Ne7 14. Rb1
b6 15. Bd3 O-O 16. c4 Ng6 17. g3 Qg4 18. Be2 Qh3 19. Ng5 Qh6 20. h4 f6 21.
Nf3 Bg4 22. Nh2 Bh3 23. Re1 f5 24. exf5 Bxf5 25. Rb3 e4 26. Bg4 Ne5 27. Bxf5
Rxf5 28. Ng4 Nf3+ 29. Kg2 Qg6 30. Ne3 Nxh4+ 31. Kf1 Nf3 32. Nxf5 Qh5 33.
Ree3 Qh1+ 34. Ke2 Qxd1+ 35. Kxd1 g6 36. Ne7+ Kg7 37. Nc6 Kh6 38. Rxe4 Rf8
39. Rh4+ Nxh4 40. gxh4 Kg7 41. Ne5 Rf4 42. Rg3 Rxf2 43. Ng4 Kf7 44. Nxf2 Ke7
45. Re3+ Kd6 46. Ng4 Kc5 47. Re4 a6 48. Rf4 b5 49. Nh6 bxc4 50. Nf7 Kb4 51.
Ne5 Kc3 52. Rf7 a5 53. Rxc7 a4 54. d6 a3 55. d7 Kb2 56. d8=Q Ka1 57. Qd4+
{Black forfeits on time}
1-0

[Event "ICC Open 2015"]
[Site "Internet Chess Club"]
[Date "2015.05.29"]
[Round "11"]
[White "Ennjy"]
[Black "Kabral"]
[Result "1-0"]
[ICCResult "Black forfeits on time"]
[WhiteElo "1925"]
[BlackElo "1801"]
[Opening "QGD: semi-Slav"]
[ECO "D31"]
[NIC "SL.06"]
[Time "16:04:14"]
[TimeControl "180+0"]

1. d4 d5 2. c4 e6 3. Nc3 c6 4. Nf3 Bb4 5. e3 Nf6 6. Bd3 dxc4 7. Bxc4 Qa5 8.
Bd2 O-O 9. O-O Nbd7 10. a3 Be7 11. b4 Qd8 12. e4 Qc7 13. Bd3 e5 14. dxe5
Nxe5 15. Nxe5 Qxe5 16. Ne2 Bg4 17. f3 Bh5 18. Bc3 Qc7 19. Qc2 Bg6 20. Bd2
Rad8 21. Bf4 Bd6 22. Bxd6 Qxd6 23. Rfd1 Qe5 24. Qc3 Qh5 25. Nf4 Qh6 26. Nxg6
hxg6 27. Be2 Qf4 28. g3 Qc7 29. b5 Rd7 30. bxc6 bxc6 31. Rxd7 Nxd7 32. Rc1
c5 33. Bb5 Ne5 34. f4 Ng4 35. Qxc5 Qa5 36. Qb4 Qd8 37. Kg2 Ne3+ 38. Kf3 Nd1
39. Qe1 Qb6 40. Qxd1 Qxb5 41. Rc3 Rb8 42. Qd3 Qb2 43. Rc2
{Black forfeits on time}
1-0

[Event "ICC Open 2015"]
[Site "Internet Chess Club"]
[Date "2015.05.29"]
[Round "11"]
[White "Sibelephant"]
[Black "Kiborg95"]
[Result "0-1"]
[ICCResult "White resigns"]
[WhiteElo "3178"]
[BlackElo "2835"]
[Opening "Réti opening"]
[ECO "A04"]
[NIC "QP.11"]
[Time "16:04:06"]
[TimeControl "180+0"]

1. Nf3 d6 2. g3 g6 3. Bg2 Bg7 4. O-O e5 5. d4 Nd7 6. Nc3 Ne7 7. dxe5 dxe5 8.
Nd2 O-O 9. Nc4 Nc6 10. Nd5 Nb6 11. Ncxb6 axb6 12. c3 Be6 13. Qd3 f5 14. e4
Rf7 15. Rd1 Rd7 16. Qe2 fxe4 17. Qxe4 Ra5 18. c4 Bf5 19. Qe1 Nd4 20. Bd2 Nc2
21. Qe2 Ra8 22. Rac1 Nd4 23. Qf1 Rxa2 24. Ne3 Bd3 25. Qe1 Ne2+ 26. Kh1 Nxc1
27. Bxc1 e4 28. Nd5 c6 29. Nf4 Bxc4 30. Rxd7 Qxd7 31. Bxe4 Ra1 32. Kg2 Bxb2
33. Qb4 Rxc1 34. Qxb2 Rg1+ 35. Kf3 Qd1+ 36. Ne2 Qxe2+ 37. Qxe2 Bxe2+ 38.
Kxe2 Rc1 39. f4 Rc5 40. h4 b5 41. Kd2 b4 42. g4 Rc4 43. Kd3 Rxe4 44. Kxe4 c5
45. Kd3 b5 46. Ke4 b3 47. Kd3 c4+ 48. Kc3 b4+ 49. Kb2 h5 50. gxh5 gxh5 51.
f5 Kf7 52. f6 Kxf6 53. Kb1 Kf5 54. Kc1 Kg4 55. Kd2 Kxh4 {White resigns} 0-1

[Event "ICC Open 2015"]
[Site "Internet Chess Club"]
[Date "2015.05.29"]
[Round "11"]
[White "LLEonidSTEin"]
[Black "Galaad"]
[Result "0-1"]
[ICCResult "White forfeits on time"]
[WhiteElo "1852"]
[BlackElo "2021"]
[Opening "Dutch"]
[ECO "A80"]
[NIC "HD.12"]
[Time "16:03:49"]
[TimeControl "180+0"]

1. d4 f5 2. Nf3 Nf6 3. g3 e6 4. Bg2 d5 5. O-O Bd6 6. Bg5 c6 7. e3 Nbd7 8.
Nbd2 O-O 9. Rb1 a5 10. c4 Qe8 11. Bxf6 Nxf6 12. c5 Bc7 13. Qc2 a4 14. a3 Ne4
15. Ne5 Bxe5 16. dxe5 Qe7 17. Rbc1 Bd7 18. Nf3 Be8 19. Nd4 Bh5 20. f3 Ng5
21. h4 Nf7 22. f4 Bg4 23. Nf3 h6 24. Rfe1 Bxf3 25. Bxf3 g5 26. Qh2 Kh8 27.
Bh5 Kg7 28. Bxf7 Rxf7 29. Kf2 gxh4 30. Qxh4 Qxh4 31. gxh4 Kg6 32. Rg1+ Kh5
33. Rh1 Rg7 34. Rcg1 Rag8 35. Rxg7 Rxg7 36. Kf3 Rg4 37. Rb1 Rxh4 38. b3 Rh3+
39. Kf2 Rh2+ 40. Kg3 Re2 41. Kf3 Ra2 42. bxa4 Rxa3 43. Rxb7 Rxa4 44. Re7 Rc4
45. Rxe6 Rxc5 46. Rd6 Rc3 47. e6 Kg6 48. e7+ Kf7 49. Rxh6 Kxe7 50. Rh7+ Kd6
51. Rh6+ Kc5 52. Ke2 d4 53. exd4+ Kxd4 54. Rd6+ Ke4 55. Re6+ Kxf4 56. Kd2
Rc5 57. Kd3 Kf3 58. Rf6 f4 59. Kd4 Rc1 60. Ke5 Rc4 61. Kd6 Ke3 62. Ke5 f3
63. Kd6 f2 64. Re6+ Re4 65. Rf6 Rf4 66. Re6+ Kd2 67. Kxc6 f1=Q 68. Rd6+ Kc3
69. Kd7 Qb5+ 70. Kc7 Rc4+ 71. Kd8 Qe5 72. Rd7 Rc6 {White forfeits on time}
0-1

[Event "ICC Open 2015"]
[Site "Internet Chess Club"]
[Date "2015.05.29"]
[Round "11"]
[White "moonriver"]
[Black "jugador"]
[Result "0-1"]
[ICCResult "White forfeits on time"]
[WhiteElo "1493"]
[BlackElo "1690"]
[Opening "Benoni: Uhlmann variation"]
[ECO "A61"]
[NIC "BI.25"]
[Time "16:03:54"]
[TimeControl "180+0"]

1. d4 Nf6 2. c4 c5 3. d5 e6 4. Nc3 exd5 5. cxd5 d6 6. Nf3 g6 7. Bg5 h6 8.
Bh4 g5 9. Bg3 Nh5 10. e3 Nxg3 11. hxg3 Bg7 12. Bd3 Nd7 13. Ne4 Qe7 14. Rb1
O-O 15. O-O f5 16. Nc3 a6 17. Re1 b5 18. e4 g4 19. exf5 Qf7 20. Nh4 Ne5 21.
Ne4 Nxd3 22. Qxd3 Be5 23. f4 gxf3 24. Qxf3 Qg7 25. Re2 Ra7 26. Rf1 Raf7 27.
f6 Qh7 28. Ref2 Bb7 29. Qg4+ Kh8 30. Rd2 Bc8 31. Qf3 Bd4+ 32. Kh2 Rg8 33.
Qd3 Be5 34. Nf3 Bf5 35. Nxe5 dxe5 36. Re2 Qg6 37. Rd2 Bxe4 38. Qe3 Qh5+ 39.
Kg1 Rg4 40. d6 Rd7 41. f7 Rxf7 42. Rxf7 Qxf7 43. Rf2 Qd7 44. Qd2 Rg6
{White forfeits on time}
0-1

[Event "ICC Open 2015"]
[Site "Internet Chess Club"]
[Date "2015.05.29"]
[Round "11"]
[White "fviana"]
[Black "VolcanoExplorer"]
[Result "1-0"]
[ICCResult "Black forfeits on time"]
[WhiteElo "2312"]
[BlackElo "2015"]
[Opening "Ruy Lopez: closed, 7...O-O"]
[ECO "C88"]
[NIC "RL.17"]
[Time "16:03:57"]
[TimeControl "180+0"]

1. e4 e5 2. Nf3 Nc6 3. Bb5 a6 4. Ba4 Nf6 5. O-O Be7 6. Re1 b5 7. Bb3 O-O 8.
h3 Bb7 9. c3 d5 10. d3 Qd6 11. Nbd2 Rad8 12. Qe2 d4 13. Bc2 Nh5 14. Nb3 Qg6
15. Kh2 f5 16. exf5 Qxf5 17. Qe4 Qxe4 18. Rxe4 Nf6 19. Re1 Bd6 20. Kg1 dxc3
21. bxc3 Rfe8 22. Ng5 Ne7 23. Ne4 Ng6 24. Be3 Nxe4 25. dxe4 Nf4 26. Kh2 g5
27. g3 Ne6 28. Rad1 Rf8 29. Kg2 h6 30. f3 Kg7 31. Rd2 Kf6 32. Red1 Rf7 33.
Na5 Ba8 34. Bb3 Re7 35. c4 bxc4 36. Nxc4 Red7 37. Nb2 Bc6 38. Nd3 Nd4 39.
Nf2 Bb4 40. Ng4+ Ke7 41. Nxe5 Bxd2 42. Bxd4 Rxd4 43. Nxc6+ Kf6 44. Nxd8 Rxd8
45. f4 c6 46. e5+ Kf5 47. Kf3 Ba5 48. g4+ Kg6 49. f5+ Kg7 50. Rxd8 Bxd8 51.
f6+ {Black forfeits on time} 1-0

[Event "ICC Open 2015"]
[Site "Internet Chess Club"]
[Date "2015.05.29"]
[Round "11"]
[White "MichelRocard"]
[Black "nitishdas"]
[Result "0-1"]
[ICCResult "White forfeits on time"]
[WhiteElo "1947"]
[BlackElo "1817"]
[Opening "Scotch: Schmidt variation"]
[ECO "C45"]
[NIC "SO.04"]
[Time "16:03:14"]
[TimeControl "180+0"]

1. d4 e5 2. e4 Nc6 3. Nf3 exd4 4. Nxd4 Nf6 5. Nc3 Bb4 6. Nxc6 bxc6 7. Bd3
O-O 8. O-O d6 9. h3 Bb7 10. Bd2 Ba5 11. Qf3 Bb6 12. Rfe1 c5 13. Qg3 Nh5 14.
Qg4 Nf6 15. Qh4 Nd7 16. Bg5 f6 17. Bc4+ Kh8 18. Bd2 Ne5 19. Bd5 c6 20. Be6
Qe7 21. Bf5 g6 22. f4 gxf5 23. fxe5 dxe5 24. exf5 c4+ 25. Kh2 Rg8 26. Re4 c5
27. Rg4 Rxg4 28. hxg4 Rg8 29. g5 fxg5 30. Qxc4 e4 31. Nd5 Qe5+ 32. Kh1 Qxd5
33. Bc3+ Rg7 34. Qxd5 Bxd5 35. f6 Rf7 36. Rd1 Be6 37. Rd6 Bf5 38. a4 h5 39.
a5 Bc7 40. Rc6 Kh7 41. Rxc5 Kg6 42. a6 Rd7 43. g3 Bh3 44. Be5 Bxe5 45. Rxe5
Kxf6 46. Rxe4 Be6 47. Re1 Rd2 48. b4 Rxc2 49. b5 Rb2 50. Rf1+ Ke7 51. Rc1
Rxb5 52. Rc7+ Kf6 53. Rxa7 Rb6 54. Kg1 Bc4 55. Kf2 Rxa6 56. Rc7 Ra2+ 57. Ke3
Be6 58. Kd4 Ra3 59. Kc5 Rxg3 60. Kd6 h4 61. Ra7 Rd3+ 62. Kc5 h3 63. Ra8 Rf3
64. Rf8+ Ke5 65. Rxf3 h2 66. Rf1 Bd5 67. Re1+ Kf4 68. Kxd5 Kg4 69. Kd4 Kh3
70. Ke3 Kg2 71. Re2+ Kh3 72. Re1 Kh4 73. Rh1 Kh5 74. Kf2 Kg6 75. Rxh2 Kf5
{White forfeits on time}
0-1

[Event "ICC Open 2015"]
[Site "Internet Chess Club"]
[Date "2015.05.29"]
[Round "11"]
[White "xime"]
[Black "capatal1"]
[Result "0-1"]
[ICCResult "White forfeits on time"]
[WhiteElo "1386"]
[BlackElo "1488"]
[Opening "King's Indian: Averbakh system"]
[ECO "E73"]
[NIC "KI.26"]
[Time "16:04:01"]
[TimeControl "180+0"]

1. d4 Nf6 2. c4 g6 3. Nc3 Bg7 4. e4 d6 5. Be2 O-O 6. Bg5 Nbd7 7. Nf3 h6 8.
Be3 Kh7 9. Nd2 e5 10. d5 b6 11. O-O a5 12. b3 Nc5 13. Rb1 Bd7 14. a3 Ng8 15.
f3 f5 16. b4 axb4 17. axb4 Na4 18. Nxa4 Rxa4 19. c5 f4 20. Bf2 bxc5 21. bxc5
dxc5 22. Bxc5 Re8 23. Bb5 Bxb5 24. Rxb5 Ra8 25. Qb3 Rb8 26. Rb1 Rxb5 27.
Qxb5 Bf8 28. Bxf8 Rxf8 29. Nc4 Qe7 30. Qc6 Rd8 31. Rb7 Kh8 32. Rxc7 Qb4 33.
Kf1 Qb2 34. Qxg6 Qc1+ {White forfeits on time} 0-1

[Event "ICC Open 2015"]
[Site "Internet Chess Club"]
[Date "2015.05.29"]
[Round "11"]
[White "Daler"]
[Black "Federicov"]
[Result "0-1"]
[ICCResult "White resigns"]
[WhiteElo "2483"]
[BlackElo "3140"]
[Opening "Nimzo-Indian: classical variation"]
[ECO "E32"]
[NIC "NI.24"]
[Time "16:04:17"]
[TimeControl "180+0"]

1. d4 Nf6 2. c4 e6 3. Nc3 Bb4 4. Qc2 O-O 5. Nf3 d5 6. cxd5 exd5 7. Bg5 h6 8.
Bd2 c5 9. e3 Nc6 10. a3 Bxc3 11. Bxc3 c4 12. Nd2 Ne7 13. Be2 Bf5 14. Qd1 b5
15. O-O Re8 16. Re1 a5 17. f3 Bg6 18. Nf1 Nc6 19. b3 Qd6 20. bxc4 dxc4 21.
e4 Bxe4 22. fxe4 Nxe4 23. Rc1 Nxc3 24. Rxc3 Nxd4 25. Bf3 Qc5 26. Rxe8+ Rxe8
27. Kh1 b4 28. axb4 axb4 29. Rc1 b3 30. Nd2 Nc2 31. Be4 Ne3 32. Qxb3 Ng4 33.
h3 Nf2+ 34. Kh2 Nxe4 35. Nxc4 Qc7+ 36. Kg1 Ng3 37. Rc2 Re1+ 38. Kf2 Rf1+ 39.
Ke3 Qf4+ 40. Kd3 Rd1+ 41. Kc3 Qd4+ 42. Kb4 Ne4 43. Ka3 Ra1+ 44. Ra2 Qc5+ 45.
Kb2 Qf2+ 46. Ka3 Qa7+ 47. Kb2 Rxa2+ 48. Qxa2 Qd4+ 49. Ka3 Qc3+ 50. Qb3 Qa1+
51. Kb4 Qe1+ 52. Kb5 Qf1 53. Kc6 Qxg2 54. Qb8+ Kh7 55. Qe5 Nf6+ 56. Kc7 Qxh3
57. Nd6 Qd7+ 58. Kb6 Qe6 59. Qxe6 fxe6 60. Kc5 h5 61. Kd4 g5 62. Ke3 Kg6 63.
Kf3 Nd5 64. Kg3 Kf6 65. Ne4+ Kf5 66. Nd6+ Kg6 67. Nf7 Kxf7 {White resigns}
0-1

[Event "ICC Open 2015"]
[Site "Internet Chess Club"]
[Date "2015.05.29"]
[Round "11"]
[White "zona"]
[Black "ShadowLike"]
[Result "0-1"]
[ICCResult "White resigns"]
[WhiteElo "2496"]
[BlackElo "2275"]
[Opening "Ruy Lopez: Schliemann defense, Berger variation"]
[ECO "C63"]
[NIC "RL.06"]
[Time "16:05:51"]
[TimeControl "180+0"]

1. e4 e5 2. Nf3 Nc6 3. Bb5 f5 4. Nc3 fxe4 5. Nxe4 d5 6. Nxe5 dxe4 7. Nxc6
Qd5 8. c4 Qd6 9. Qh5+ g6 10. Qe5+ Qxe5 11. Nxe5+ c6 12. Nxc6 a6 13. Nd4+
axb5 14. Nxb5 Kf7 15. O-O Nf6 16. b3 Bd7 17. Nc3 Bc6 18. Bb2 Bh6 19. Rad1
Rhd8 20. f4 exf3 21. Rf2 Rd3 22. gxf3 Rad8 23. Ne4 Nxe4 24. fxe4+ Kg8 25.
Re2 Rxd2 26. Rdxd2 Rxd2 27. Rxd2 Bxd2 28. e5 Kf7 29. Kf2 Bf4 30. b4 Ke6 31.
b5 Be4 32. c5 Bxh2 33. Ke3 Bh1 34. a4 Bxe5 35. Bxe5 Kxe5 36. a5 Ke6 37. Kd4
Kd7 38. c6+ bxc6 39. b6 c5+ 40. Kxc5 Bb7 41. Kb5 Kc8 42. a6 Bxa6+ 43. Kxa6
Kb8 {White resigns} 0-1

[Event "ICC Open 2015"]
[Site "Internet Chess Club"]
[Date "2015.05.29"]
[Round "11"]
[White "Cinzento"]
[Black "whynotchess960"]
[Result "1/2-1/2"]
[ICCResult "Black ran out of time and White has no material to mate"]
[WhiteElo "1755"]
[BlackElo "1963"]
[Opening "Evans gambit: Waller attack"]
[ECO "C52"]
[NIC "IG.05"]
[Time "16:04:12"]
[TimeControl "180+0"]

1. e4 e5 2. Nf3 Nc6 3. Bc4 Bc5 4. b4 Bxb4 5. c3 Ba5 6. d4 exd4 7. O-O d6 8.
Qb3 Qe7 9. cxd4 Bb6 10. Bg5 Nxd4 11. Nxd4 Qxg5 12. Bxf7+ Kf8 13. Ne6+ Bxe6
14. Bxe6 Nf6 15. Nc3 Re8 16. Na4 Nxe4 17. Nxb6 axb6 18. Rad1 Qf6 19. Bd5 Nc5
20. Qc4 g6 21. Rd4 Kg7 22. Rf4 Qe5 23. Rf7+ Kh6 24. Bf3 Qg5 25. Rf4 Rhf8 26.
Rh4+ Kg7 27. Qc3+ Qf6 28. Qc1 Qxh4 29. Bd5 Qg4 30. Qc3+ Kh6 31. Qd2+ Qf4 32.
Qc3 Re2 33. Qh3+ Kg7 34. Qc3+ Qf6 35. Qxf6+ Rxf6 36. Bc4 Rc2 37. Bd5 Nd3 38.
Bf3 Re6 39. Rd1 Re1+ 40. Rxe1 Nxe1 41. Bg4 Nd3 42. Kf1 Rxf2+ 43. Kg1 Rd2 44.
Bf3 Rc2 45. h3 Rc1+ 46. Kh2 Ra1 47. Kg3 Rxa2 48. Kg4 Ra3 49. Kg3 Ne5 50. Kf2
Nxf3 51. gxf3 g5 52. Kg3 Kf6 53. Kg4 Ra4+ 54. Kg3 Rf4 55. Kg2 Kf5 56. Kg3 h5
57. Kf2 h4 58. Kg2 b5 59. Kf2 b4 60. Ke2 b3 61. Kf2 b2 62. Ke2 b1=Q 63. Kd2
Qb2+ 64. Kd3 Qb4 65. Kc2 Qc4+ 66. Kd2 Rxf3 67. Ke1 Rxh3 68. Kd1 Rh2 69. Ke1
Qf1+ 70. Kxf1 Re2 71. Kxe2 h3 72. Kd2
{Black ran out of time and White has no material to mate}
1/2-1/2

[Event "ICC Open 2015"]
[Site "Internet Chess Club"]
[Date "2015.05.29"]
[Round "11"]
[White "Havank"]
[Black "Babaliyev"]
[Result "1-0"]
[ICCResult "Black forfeits on time"]
[WhiteElo "2080"]
[BlackElo "1966"]
[Opening "QGD: exchange, positional line"]
[ECO "D35"]
[NIC "QO.16"]
[Time "16:05:31"]
[TimeControl "180+0"]

1. d4 d5 2. c4 e6 3. Nc3 Nf6 4. cxd5 exd5 5. Bg5 Be7 6. e3 Ne4 7. Bf4 Nxc3
8. bxc3 O-O 9. Nf3 c5 10. Be2 cxd4 11. cxd4 Qa5+ 12. Nd2 Bb4 13. a3 Bc3 14.
Ra2 Nc6 15. O-O Bxd2 16. Qxd2 Be6 17. Qb2 b6 18. Rc1 Rfc8 19. Bd6 a6 20. Rb1
b5 21. Bc5 Rab8 22. Bf3 h6 23. Qb3 Qc7 24. Bxd5 Bxd5 25. Qxd5 Na5 26. Qf3
Nc4 27. h3 a5 28. Rd1 Qd7 29. Rc2 Nxa3 30. Rcc1 b4 31. d5 a4 32. e4 Rxc5 33.
Rxc5 b3 34. e5 Nc2 35. e6 fxe6 36. dxe6 Qe7 37. Re5 Rf8 38. Qd5 Kh7 39. Re4
Nb4 40. Rxb4 Qxb4 41. Qd3+ Kg8 42. Qd5 Qe7 43. Rd4 Re8 44. Re4 b2 45. Qa2 a3
46. Re1 Rb8 47. Rb1 Kh8 48. Qxa3 Qxa3 49. e7 Qa1 50. e8=Q+
{Black forfeits on time}
1-0